[Event "Sunday 22 April 2nd Tour 7+2 rounds 9 Starts 2200ST"]
[Site "Infinity Chess"]
[Date "2018.4.23"]
[Round "8"]
[White "Seliga"]
[Black "SkyPilot"]
[Result "1/2-1/2"]
[ECO "C55"]
[WhiteElo "2502"]
[BlackElo "2501"]
[WhiteEngine "AsmFish A10_CTG"]
[BlackEngine "stockfish_x64_bmi2_2018_04_07_CTG"]
[EventType "Swiss"]
[WhiteTeam ""]
[BlackTeam ""]
[PlyCount "110"]
[TimeControl "420+2"]

1. e4 e5 2. Nf3 Nc6 3. Bc4 Nf6 4. d3 Bc5 5. O-O d6 6. c3 O-O 7. a4 Bb6 8. h3 a5 
9. Re1 h6 10. Nbd2 Be6 11. Bxe6 fxe6 12. Nc4 Bc5 13. Be3 Bxe3 14. Rxe3 Nd7 
15. Qc2 Qf6 16. Rf1 Rf7 17. Ncd2 Nc5 18. Nh2 g5 19. Rf3 Qg6 20. Rd1 Rf4 
21. Rxf4 gxf4 22. Nhf3 Qf6 23. Rb1 Kh7 24. b4 Nd7 25. Kh2 Rg8 26. b5 Nd8 
27. Qa2 Nf7 28. Qc4 Rc8 29. d4 Nb6 30. Qa2 Rg8 31. Rg1 Kh8 32. Nb3 Ra8 
33. Nbd2 Rg8 34. Nc4 Nxc4 35. Qxc4 Qe7 36. dxe5 dxe5 37. Rd1 Kg7 38. Ne1 h5 
39. Qe2 Kg6 40. g3 Rd8 41. Rxd8 Qxd8 42. g4 Kh6 43. gxh5 Qh4 44. Kg2 Qxh5 
45. Qg4 Nd6 46. Qxe6+ Qg6+ 47. Qxg6+ Kxg6 48. f3 Nc4 49. Nd3 b6 50. h4 Kh5 
51. Kh3 Kg6 52. Kh2 Kf6 53. Kh3 Kg6 54. Kg4 Ne3+ 55. Kh3 Nc4 1/2-1/2

[Event "Sunday 22 April 2nd Tour 7+2 rounds 9 Starts 2200ST"]
[Site "Infinity Chess"]
[Date "2018.4.23"]
[Round "8"]
[White "TAIPAN54"]
[Black "MedusaV3"]
[Result "1-0"]
[ECO "A40"]
[WhiteElo "2558"]
[BlackElo "2409"]
[WhiteEngine "Raubfisch ME262_GTZ17b1_CTG"]
[BlackEngine "Eman 1.70-beta23 64-bit BMI2_CTG"]
[EventType "Swiss"]
[WhiteTeam ""]
[BlackTeam ""]
[PlyCount "67"]
[TimeControl "420+2"]

1. d4 e6 2. e4 Nf6 3. e5 Nd5 4. c4 Nb6 5. Nf3 d5 6. exd6 cxd6 7. Be2 Nc6 
8. O-O Be7 9. Nc3 O-O 10. Be3 e5 11. d5 Nb8 12. b4 a5 13. a3 Bg4 14. Qb3 N6d7 
15. h3 Bh5 16. Rac1 b6 17. Nd2 Bxe2 18. Nxe2 Nf6 19. f4 Nbd7 20. fxe5 Nxe5 
21. Nd4 Re8 22. Nf5 Kh8 23. Nf3 Nfd7 24. N3d4 Bf8 25. Nb5 Qb8 26. Bf4 g6 
27. Nfd4 Qb7 28. Nf3 a4 29. Qd1 Rac8 30. Qd4 Kg8 31. Ng5 Qb8 32. Bxe5 Nxe5 
33. Ne4 Red8 34. Rf6 1-0

[Event "Sunday 22 April 2nd Tour 7+2 rounds 9 Starts 2200ST"]
[Site "Infinity Chess"]
[Date "2018.4.23"]
[Round "7"]
[White "incredible"]
[Black "star99"]
[Result "1/2-1/2"]
[ECO "A50"]
[WhiteElo "2459"]
[BlackElo "2481"]
[WhiteEngine "stockfish_18041820_x64_bmi2"]
[BlackEngine "Cryptic Heroes 9.4B"]
[EventType "Swiss"]
[WhiteTeam ""]
[BlackTeam ""]
[PlyCount "149"]
[TimeControl "420+2"]

1. d4 Nf6 2. c4 c6 3. Nc3 d5 4. cxd5 cxd5 5. Bf4 e6 6. Nf3 Bd6 7. Bg3 O-O 
8. e3 a6 9. Rc1 b5 10. Bd3 Bb7 11. a4 b4 12. Nb1 Bxg3 13. hxg3 h6 14. Nbd2 a5 
15. Nb3 Nbd7 16. O-O Ba6 17. Rc2 Bxd3 18. Qxd3 Nb6 19. Ra1 Qe8 20. Nc5 Nc4 
21. Rac1 Ra7 22. e4 dxe4 23. Nxe4 Nxe4 24. Rxc4 Nf6 25. Qc2 Ra8 26. Qd1 Nd7 
27. Rc7 Nb6 28. R7c6 Nd7 29. b3 Ra7 30. Qc2 Ra8 31. Qd3 Qe7 32. Ra6 Rfb8 
33. d5 exd5 34. Rxa8 Rxa8 35. Qxd5 Ra7 36. Rc8+ Kh7 37. Qd3+ g6 38. Qd4 Nf6 
39. Ne5 h5 40. f3 Rc7 41. Ra8 Ne8 42. Nc4 Ng7 43. Qd8 Qxd8 44. Rxd8 Ne6 
45. Rd5 Kg7 46. Kh2 g5 47. Rxa5 Nd4 48. Nd6 Kg6 49. Ra6 Rc2 50. Nb5+ Rc6 
51. Rxc6+ Nxc6 52. Kg1 Kf5 53. Kf2 Ke5 54. Ke3 h4 55. gxh4 gxh4 56. Nc7 f5 
57. f4+ Kd6 58. Na6 Ke6 59. Nc5+ Kd6 60. Na6 Ke6 61. Nc5+ Kd6 62. Nd3 Kd5 
63. a5 Nxa5 64. Nxb4+ Ke6 65. Nd3 Nxb3 66. Ne1 Na5 67. Nf3 Kd5 68. Nxh4 Nc4+ 
69. Kf3 Nd2+ 70. Ke2 Nc4 71. g3 Ke4 72. g4 fxg4 73. f5 Nd6 74. f6 Ke5 75. Ke3 
1/2-1/2

[Event "Sunday 22 April 2nd Tour 7+2 rounds 9 Starts 2200ST"]
[Site "Infinity Chess"]
[Date "2018.4.23"]
[Round "7"]
[White "ocirema"]
[Black "Seliga"]
[Result "1/2-1/2 "]
[ECO "A06"]
[WhiteElo "2467"]
[BlackElo "2503"]
[WhiteEngine "asmFishW_2018-04-15_popcnt_CTG"]
[BlackEngine "AsmFish A10_CTG"]
[EventType "Swiss"]
[WhiteTeam ""]
[BlackTeam ""]
[PlyCount "191"]
[TimeControl "420+2"]

1. Nf3 d5 2. d4 Nf6 3. e3 e6 4. c4 b6 5. b3 Bb7 6. Bb2 Nbd7 7. Be2 Bd6 
8. O-O O-O 9. Bd3 dxc4 10. bxc4 c5 11. a4 Bxf3 12. Qxf3 cxd4 13. exd4 e5 
14. Nc3 exd4 15. Nb5 Ne5 16. Qh3 Bc5 17. Rad1 Re8 18. Bf5 Nc6 19. Qf3 Ne5 
20. Qh3 Nc6 21. Qf3 a6 22. Qxc6 axb5 23. axb5 g6 24. Bb1 Ra4 25. Bc1 Nd7 
26. Bf4 Ne5 27. Bxe5 Rxe5 28. Qf3 Qa8 29. Qf4 Re6 30. Bd3 Ra3 31. Rd2 Kg7 
32. g3 h5 33. h4 Re7 34. Rb1 Qc8 35. Kg2 Qg4 36. Qf3 Qxf3+ 37. Kxf3 Rea7 
38. Rbd1 f5 39. Kg2 R7a4 40. Be2 Kf7 41. Bd3 Kg7 42. Bf1 Rb3 43. Be2 Kf6 
44. Kf1 Kg7 45. Kg2 Kf6 46. Bf1 Raa3 47. Be2 Rc3 48. Bd3 Kg7 49. Be2 Ra7 
50. Rg1 Kf6 51. Rh1 Kf7 52. Rhd1 Raa3 53. Bd3 Kf6 54. Be2 Rcb3 55. Bf1 Kf7 
56. Rc2 Rc3 57. Rcd2 Ra8 58. Bd3 Kg7 59. Re1 Raa3 60. Bf1 Ra8 61. Bd3 Raa3 
62. Red1 Kf6 63. Be2 Ra8 64. Bd3 Rb3 65. Bf1 Raa3 66. Be2 Rc3 67. Bf1 f4 
68. Rd3 Kf5 69. Kf3 fxg3 70. fxg3 g5 71. hxg5 Kxg5 72. Kg2 Kf5 73. Kf3 Ra2 
74. Rxc3 dxc3 75. Bd3+ Ke5 76. Re1+ Kd6 77. Rc1 Ke5 78. Re1+ Kd6 79. Rc1 Bb4 
80. Rc2 Rxc2 81. Bxc2 Kc5 82. Bd3 Kd4 83. Ke2 Ba3 84. Bg6 Kxc4 85. Bf7+ Kd4 
86. Bg6 Bb4 87. Kd1 Bd6 88. Kc2 Bxg3 89. Bxh5 Be1 90. Bg6 Kc4 91. Bf7+ Kc5 
92. Bh5 Kd4 93. Bd1 Kc4 94. Bh5 Bd2 95. Be2+ Kb4 96. Bh5 1/2-1/2

[Event "Sunday 22 April 2nd Tour 7+2 rounds 9 Starts 2200ST"]
[Site "Infinity Chess"]
[Date "2018.4.23"]
[Round "7"]
[White "MedusaV3"]
[Black "MarioDeMonti"]
[Result "1/2-1/2"]
[ECO "D70"]
[WhiteElo "2406"]
[BlackElo "2490"]
[WhiteEngine "Eman 1.70-beta23 64-bit BMI2_CTG"]
[BlackEngine "stockfish_x64_bmi2_2018_02_18_CTG"]
[EventType "Swiss"]
[WhiteTeam ""]
[BlackTeam ""]
[PlyCount "80"]
[TimeControl "420+2"]

1. d4 Nf6 2. c4 g6 3. f3 c5 4. d5 d6 5. e4 Bg7 6. Nc3 O-O 7. Bg5 a6 8. Qd2 Qa5 
9. a4 Nbd7 10. Be2 Qb4 11. a5 b6 12. Qc2 bxa5 13. Bd2 Ne8 14. f4 Rb8 15. Ra2 Qb3 
16. Qxb3 Rxb3 17. Nf3 e6 18. Bd1 Rb7 19. b3 e5 20. f5 gxf5 21. exf5 Nb6 
22. O-O Bxf5 23. Nxe5 a4 24. Rxf5 axb3 25. Bxb3 Bxe5 26. Rxa6 Nxd5 27. Nxd5 Rxb3 
28. Ne7+ Kh8 29. Ra8 Bd4+ 30. Kf1 Rb1+ 31. Ke2 Rb7 32. Nc6 Bg7 33. Bg5 h6 
34. Bh4 Rg8 35. Ne7 Rf8 36. Nd5 Rb2+ 37. Kf3 Rb3+ 38. Ke2 Rb2+ 39. Kf3 Rb3+ 
40. Ke2 Rb2+ 1/2-1/2

[Event "Sunday 22 April 2nd Tour 7+2 rounds 9 Starts 2200ST"]
[Site "Infinity Chess"]
[Date "2018.4.23"]
[Round "7"]
[White "TasicV"]
[Black "Murx"]
[Result "0-1"]
[ECO "C50"]
[WhiteElo "2479"]
[BlackElo "2554"]
[WhiteEngine "stockfish_18041408_x64_modern_CTG"]
[BlackEngine "asmFishW_2018-04-07_popcnt"]
[EventType "Swiss"]
[WhiteTeam ""]
[BlackTeam ""]
[PlyCount "296"]
[TimeControl "420+2"]

1. e4 e5 2. Nf3 Nc6 3. Bc4 Bc5 4. O-O Nf6 5. d3 d6 6. c3 a5 7. Bg5 h6 8. Bh4 g5 
9. Bg3 O-O 10. a4 Kg7 11. Na3 Be6 12. Bxe6 fxe6 13. h4 Qe7 14. hxg5 hxg5 
15. Nxg5 Rh8 16. Qb3 Rae8 17. Nh3 Nh5 18. Kh2 Rb8 19. Nc4 Rh7 20. Nd2 Kh8 
21. Nf3 Nxg3 22. fxg3 Rg8 23. Qd1 Qg7 24. Qe1 Rh6 25. Rb1 Rg6 26. Qd2 Rxg3 
27. Nhg5 Rxg5 28. Qxg5 Qxg5 29. Nxg5 Rxg5 30. Rf6 Kh7 31. Rbf1 Rg6 32. R1f3 d5 
33. Rf7+ Rg7 34. Rxg7+ Kxg7 35. Rg3+ Kf7 36. Rf3+ Kg7 37. Rg3+ Kh7 38. Rh3+ Kg8 
39. Rg3+ Kf8 40. Rf3+ Kg8 41. Rg3+ Kf7 42. Rf3+ Ke8 43. Kh3 Nd8 44. Kg4 dxe4 
45. dxe4 Nf7 46. Rf6 Ke7 47. Rf1 Nd6 48. Re1 Kf7 49. Kh5 b6 50. g4 Kf6 
51. g5+ Kg7 52. Re2 Nc4 53. b3 Nd6 54. Re1 Ba3 55. Re2 Bc1 56. Rc2 Bf4 
57. Re2 b5 58. axb5 Nxb5 59. Rc2 Nd6 60. Re2 Nf7 61. Rg2 Be3 62. c4 Nd6 
63. Re2 Bb6 64. Re1 Bd4 65. g6 c5 66. Rf1 Nxe4 67. Rf7+ Kg8 68. Ra7 Nf6+ 
69. Kg5 e4 70. Ra8+ Kg7 71. Ra7+ Kh8 72. Re7 e3 73. Rxe6 Kg7 74. Kf5 Kf8 
75. Kf4 Nd7 76. Rxe3 Bxe3+ 77. Kxe3 Ke7 78. g7 Nf6 79. Kf4 Ke6 80. Kg5 Ke5 
81. Kg6 Ng8 82. Kf7 Nh6+ 83. Ke8 Kd4 84. Kd7 Kc3 85. Ke6 Kxb3 86. Kf6 a4 
87. Kg6 Ng8 88. Kf7 a3 89. Kxg8 a2 90. Kf7 a1=Q 91. g8=Q Qf1+ 92. Ke8 Qe2+ 
93. Kd7 Qxc4 94. Qg6 Qd4+ 95. Kc6 c4 96. Qb1+ Qb2 97. Qd1+ Qc2 98. Qd5 Qd3 
99. Qf7 Qe4+ 100. Kb5 Qe5+ 101. Kc6 Qa5 102. Qg8 Qa7 103. Kb5 Qa4+ 104. Kc5 Qb4+ 
105. Kc6 Ka3 106. Qg1 Qa4+ 107. Kc7 c3 108. Qa1+ Kb4 109. Qe1 Qa5+ 110. Kd6 Qd8+ 
111. Kc6 Qc8+ 112. Kd6 Qd8+ 113. Kc6 Qc8+ 114. Kd6 Qc5+ 115. Kd7 Qc4 
116. Ke8 Kb5 117. Qb1+ Ka5 118. Qe1 Qb4 119. Qg3 Qe4+ 120. Kd8 c2 121. Qa3+ Kb5 
122. Qb2+ Kc4 123. Qa2+ Kd3 124. Qa3+ Kd2 125. Qa5+ Kd1 126. Qh5+ Qe2 
127. Qh1+ Kd2 128. Qh6+ Qe3 129. Qh2+ Kd3 130. Qh7+ Qe4 131. Qh3+ Kc4 
132. Qh6 Qd4+ 133. Ke8 Kd3 134. Qa6+ Ke3 135. Qa3+ Kf2 136. Qa2 Qe4+ 
137. Kf8 Kg3 138. Qg8+ Qg4 139. Qb3+ Qf3+ 140. Qxf3+ Kxf3 141. Ke7 c1=Q 
142. Kd7 Ke4 143. Kd6 Qc4 144. Ke7 Kf5 145. Kd6 Kf6 146. Kd7 Qc5 147. Kd8 Ke6 
148. Ke8 Qe7# 0-1

[Event "Sunday 22 April 2nd Tour 7+2 rounds 9 Starts 2200ST"]
[Site "Infinity Chess"]
[Date "2018.4.23"]
[Round "7"]
[White "SkyPilot"]
[Black "Deep_Impact"]
[Result "1/2-1/2"]
[ECO "D30"]
[WhiteElo "2500"]
[BlackElo "2526"]
[WhiteEngine "stockfish_x64_bmi2_2018_04_07_CTG"]
[BlackEngine "BrainFish_180411_x64_bmi2"]
[EventType "Swiss"]
[WhiteTeam ""]
[BlackTeam ""]
[PlyCount "104"]
[TimeControl "420+2"]

1. d4 d5 2. c4 e6 3. Nf3 Nf6 4. Nc3 c6 5. Bg5 h6 6. Bxf6 Qxf6 7. e3 Nd7 
8. Be2 g6 9. O-O Bg7 10. e4 dxe4 11. Nxe4 Qf4 12. Qc2 f5 13. Nc3 Bxd4 14. g3 Qd6 
15. Rad1 e5 16. Rfe1 O-O 17. Qd2 Kg7 18. Bf1 Nf6 19. b4 Qxb4 20. Nxd4 exd4 
21. Qxd4 Rf7 22. h4 b6 23. Ne2 Bd7 24. Nf4 Re8 25. Rxe8 Bxe8 26. Ne6+ Kh7 
27. Nd8 Rf8 28. Bg2 Qe7 29. Nxc6 Bxc6 30. Bxc6 g5 31. hxg5 hxg5 32. Qd2 Qc7 
33. Bd5 Kg6 34. Re1 Re8 35. Rxe8 Nxe8 36. g4 Qf4 37. gxf5+ Qxf5 38. Qd4 Nf6 
39. Kf1 g4 40. Kg2 Nxd5 41. Qxd5 Qf4 42. Qd3+ Kg5 43. a3 Qe5 44. Qd8+ Kf4 
45. Qd7 Qe4+ 46. Kg1 Qxc4 47. Qxa7 Kf5 48. Qxb6 Qc1+ 49. Kg2 Qxa3 50. Kg1 Kg5 
51. Qb1 Qc5 52. Qa1 Kh6 1/2-1/2

[Event "Sunday 22 April 2nd Tour 7+2 rounds 9 Starts 2200ST"]
[Site "Infinity Chess"]
[Date "2018.4.23"]
[Round "7"]
[White "Dovahkiin"]
[Black "TAIPAN54"]
[Result "1/2-1/2"]
[ECO "C50"]
[WhiteElo "2454"]
[BlackElo "2562"]
[WhiteEngine "BrainFish_180418_x64_modern_CTG"]
[BlackEngine "Raubfisch ME262_GTZ17b1_CTG"]
[EventType "Swiss"]
[WhiteTeam ""]
[BlackTeam ""]
[PlyCount "198"]
[TimeControl "420+2"]

1. e4 e5 2. Nf3 Nc6 3. Bc4 Bc5 4. O-O Nf6 5. d3 O-O 6. c3 d6 7. Re1 Ng4 
8. Re2 Nf6 9. h3 a6 10. Re1 Ba7 11. a4 h6 12. Nbd2 Nh5 13. Nf1 Be6 14. Bd5 Qf6 
15. N1h2 Qg6 16. Bxe6 fxe6 17. b4 a5 18. b5 Ne7 19. Ra2 Nf4 20. Bxf4 Rxf4 
21. Kh1 Raf8 22. g3 R4f7 23. Kg2 Qh5 24. d4 exd4 25. cxd4 c5 26. Qb3 c4 
27. Qd1 Bb8 28. Rc2 d5 29. exd5 exd5 30. Ne5 Qxd1 31. Rxd1 Bxe5 32. dxe5 Rf5 
33. Re1 h5 34. h4 g6 35. f4 Rc8 36. Nf3 Rff8 37. Rd1 Rfd8 38. Nd4 Nf5 
39. Rc3 Kf7 40. Kf2 Ke7 41. Kf3 Rd7 42. Rd2 Re8 43. Kf2 Nxd4 44. Rxd4 Rg8 
45. Ke3 Rgd8 46. Rc1 Rc8 47. Kd2 Ke6 48. Kc3 Kf5 49. Rd2 b6 50. Rd4 Ke6 
51. Rg1 Kf5 52. Rd2 Rf8 53. Rf1 Re8 54. Re1 Ke6 55. Rg1 Rf8 56. Rgd1 Rg8 
57. Rf2 Kf5 58. Rfd2 Ke6 59. Rf2 Rc8 60. Rf3 Rf8 61. Rff1 Rc7 62. Rd2 Rd8 
63. Rc1 Rcd7 64. Re1 Rh7 65. Rc1 Rg7 66. Rh1 Kf5 67. Rf1 Rc7 68. Re1 Re7 
69. Red1 Red7 70. Kd4 Rc7 71. Kc3 Ke6 72. Re2 Rdc8 73. Rc2 Rh7 74. Rg2 Rd7 
75. Rd4 Kf5 76. Rc2 Rb8 77. Re2 Ke6 78. Re1 Rf8 79. Rdd1 Rfd8 80. Kd4 Rc7 
81. Rc1 Rdd7 82. Re2 Rd8 83. Rd2 Rf7 84. Rdc2 Kf5 85. Rc3 Rc8 86. R3c2 Rd8 
87. Rf2 Rc8 88. Rd2 Rd8 89. Rcd1 Rc7 90. Rc1 Ke6 91. Rg2 Rf7 92. Re1 Rff8 
93. Rd2 Rc8 94. Kc3 Rcd8 95. Ra1 Rg8 96. Rg2 Rgf8 97. Rf1 Kf5 98. Rd2 Ke6 
99. Re1 Rg8 1/2-1/2

[Event "Sunday 22 April 2nd Tour 7+2 rounds 9 Starts 2200ST"]
[Site "Infinity Chess"]
[Date "2018.4.23"]
[Round "6"]
[White "MedusaV3"]
[Black "incredible"]
[Result "1/2-1/2"]
[ECO "C50"]
[WhiteElo "2404"]
[BlackElo "2461"]
[WhiteEngine "Eman 1.70-beta23 64-bit BMI2_CTG"]
[BlackEngine "stockfish_18041820_x64_bmi2"]
[EventType "Swiss"]
[WhiteTeam ""]
[BlackTeam ""]
[PlyCount "108"]
[TimeControl "420+2"]

1. e4 e5 2. Nf3 Nc6 3. Bc4 Bc5 4. O-O Nf6 5. d3 O-O 6. Bb3 d6 7. Nbd2 a5 
8. c3 Re8 9. Re1 Be6 10. Ba4 Qb8 11. d4 exd4 12. cxd4 b5 13. dxc5 bxa4 
14. Qxa4 Nb4 15. Re3 Qb7 16. a3 Ng4 17. Rc3 Na2 18. Rd3 Nb4 19. Rc3 Na2 
20. Rc2 Nb4 21. axb4 axb4 22. c6 Rxa4 23. cxb7 Rxa1 24. Rxc7 Rb8 25. Nd4 Rxb7 
26. Rxb7 Rxc1+ 27. Nf1 Kf8 28. Nxe6+ fxe6 29. Rxb4 Nxh2 30. Kxh2 Rxf1 
31. Kg3 Ke7 32. Rb6 Rb1 33. b4 Rb2 34. b5 Kf6 35. f3 Ke5 36. Rb7 g6 
37. Rxh7 Rxb5 38. Rg7 Kf6 39. Rd7 Ke5 40. Ra7 d5 41. exd5 exd5 42. Ra6 d4 
43. Rxg6 Rb2 44. Rg5+ Kd6 45. Rg8 Kc5 46. Rd8 Kc4 47. f4 d3 48. f5 Rb1 
49. Kf4 Kc3 50. f6 d2 51. g3 d1=Q 52. Rxd1 Rxd1 53. Kg5 Rf1 54. Kg6 Rb1 1/2-1/2

[Event "Sunday 22 April 2nd Tour 7+2 rounds 9 Starts 2200ST"]
[Site "Infinity Chess"]
[Date "2018.4.23"]
[Round "6"]
[White "TasicV"]
[Black "ocirema"]
[Result "1-0"]
[ECO "C50"]
[WhiteElo "2462"]
[BlackElo "2484"]
[WhiteEngine "stockfish_18041408_x64_modern_CTG"]
[BlackEngine "stockfish_18041820_x64_modern_CTG"]
[EventType "Swiss"]
[WhiteTeam ""]
[BlackTeam ""]
[PlyCount "112"]
[TimeControl "420+2"]

1. e4 e5 2. Nf3 Nc6 3. Bc4 Bc5 4. d3 Nf6 5. O-O d6 6. c3 a5 7. Bg5 h6 8. Bh4 g5 
9. Bg3 O-O 10. a4 Kg7 11. Na3 Ne7 12. Re1 Ng6 13. d4 exd4 14. Nxd4 Re8 
15. f3 Ne5 16. Bb5 Rg8 17. h3 h5 18. f4 gxf4 19. Bxf4 c6 20. Bf1 Kh7 21. Kh1 Bd7 
22. Bh2 Be6 23. Nac2 Rg5 24. Qd2 Qg8 25. b4 axb4 26. cxb4 Ba7 27. Ra3 Qg7 
28. Bf4 Rg8 29. Bxg5 Qxg5 30. Qxg5 Rxg5 31. a5 Rg8 32. a6 Rb8 33. b5 cxb5 
34. Nxb5 Bc5 35. a7 Ra8 36. Raa1 Bd7 37. Ncd4 h4 38. Nf5 Bxb5 39. Bxb5 Rxa7 
40. Rxa7 Bxa7 41. Re2 Nh5 42. Kh2 Bb8 43. Nxh4 d5 44. g3 dxe4 45. Rxe4 Nc6 
46. Bxc6 Bxg3+ 47. Kg2 bxc6 48. Nf5 Bb8 49. Rh4 Bc7 50. Kf3 Kg6 51. Ne7+ Kf6 
52. Rxh5 Kxe7 53. Kg4 Bd6 54. Rh6 Be5 55. Rxc6 Kf8 56. Kf5 Ba1 1-0

[Event "Sunday 22 April 2nd Tour 7+2 rounds 9 Starts 2200ST"]
[Site "Infinity Chess"]
[Date "2018.4.23"]
[Round "6"]
[White "Seliga"]
[Black "Deep_Impact"]
[Result "1/2-1/2"]
[ECO "C50"]
[WhiteElo "2502"]
[BlackElo "2527"]
[WhiteEngine "AsmFish A10_CTG"]
[BlackEngine "BrainFish_180411_x64_bmi2"]
[EventType "Swiss"]
[WhiteTeam ""]
[BlackTeam ""]
[PlyCount "167"]
[TimeControl "420+2"]

1. e4 e5 2. Nf3 Nc6 3. Bc4 Bc5 4. d3 Nf6 5. O-O d6 6. c3 a5 7. Nbd2 O-O 8. h3 h6 
9. Re1 Be6 10. a4 Ba7 11. Bxe6 fxe6 12. Nf1 d5 13. Be3 Bxe3 14. Rxe3 d4 
15. Re1 Nh5 16. g3 Nf6 17. N1h2 Nd7 18. Rc1 Qe7 19. Qb3 Rab8 20. Qb5 Qd6 
21. Kg2 Ra8 22. Rc2 Ra6 23. Ng4 Na7 24. Qc4 Nc6 25. Nd2 Rb6 26. Rd1 Kh7 
27. Qa2 Qe7 28. h4 Qf7 29. Rf1 Nc5 30. Qc4 Nd7 31. Qa2 Nc5 32. Qc4 Nd7 
33. f3 Qe7 34. Qa2 Ra6 35. Nf2 Nc5 36. Qc4 Rb6 37. Rfc1 Nd7 38. Qa2 Ra6 
39. Qc4 Kg8 40. Rd1 Kf7 41. Ra1 Ke8 42. Qb3 Rb6 43. Qa3 Kd8 44. Qxe7+ Kxe7 
45. h5 Ra8 46. Ra3 Rb8 47. Nc4 Ra6 48. Ra1 Nf6 49. cxd4 Nxd4 50. Rc3 Ne2 
51. Rca3 Nd4 52. Rc3 Ne2 53. Rca3 Nd4 54. Rf1 b5 55. axb5 Rxb5 56. Ng4 Nc6 
57. Rh1 Ra7 58. Rc3 a4 59. Ra3 Ra8 60. Nge3 Rd8 61. Rc1 Nxh5 62. Rcc3 Nf6 
63. Rxa4 Nd7 64. Nc2 Rdb8 65. f4 exf4 66. gxf4 Nc5 67. Raa3 g5 68. Nd2 gxf4 
69. b4 Nxb4 70. Nd4 e5 71. Nxb5 Rxb5 72. Nf3 Nbxd3 73. Rxd3 Nxd3 74. Rxd3 Rb4 
75. Nxe5 Rxe4 76. Nc6+ Kf6 77. Rc3 h5 78. Rc5 Ke6 79. Kf3 Ra4 80. Rxh5 Ra3+ 
81. Kxf4 Kd6 82. Nd4 Ra8 83. Nb5+ Kc6 84. Nd4+ 1/2-1/2

[Event "Sunday 22 April 2nd Tour 7+2 rounds 9 Starts 2200ST"]
[Site "Infinity Chess"]
[Date "2018.4.23"]
[Round "6"]
[White "star99"]
[Black "Dovahkiin"]
[Result "0-1"]
[ECO "D05"]
[WhiteElo "2500"]
[BlackElo "2435"]
[WhiteEngine "Cryptic Heroes 9.4B"]
[BlackEngine "BrainFish_180418_x64_modern_CTG"]
[EventType "Swiss"]
[WhiteTeam ""]
[BlackTeam ""]
[PlyCount "158"]
[TimeControl "420+2"]

1. d4 d5 2. Nf3 Nf6 3. e3 e6 4. Nbd2 c5 5. b3 Nc6 6. Bb2 cxd4 7. exd4 Bd6 
8. Bb5 O-O 9. O-O Ne4 10. Nxe4 dxe4 11. Nd2 f5 12. Nc4 Bc7 13. Bxc6 bxc6 
14. Ba3 Rf6 15. Re1 Ba6 16. Ne5 c5 17. Bxc5 Bb7 18. Qe2 Qe8 19. a4 a6 
20. Qc4 Bd5 21. Qf1 f4 22. f3 e3 23. c4 Bb7 24. Rad1 a5 25. Rd3 Qh5 26. Red1 Rf5 
27. Ba3 Re8 28. Ng4 Rg5 29. Qe2 Qh4 30. Bc5 Bxf3 31. Qxf3 Rxg4 32. Rc1 Rg5 
33. Kh1 Qh6 34. Rg1 Rh5 35. h3 e5 36. dxe5 Rhxe5 37. Bd4 Rg5 38. Bc3 Qe6 
39. Re1 Rb8 40. Ba1 Kh8 41. c5 Re8 42. Qb7 f3 43. Qxf3 Rg3 44. Rdxe3 Rxf3 
45. Rxe6 Rxe6 46. Rc1 Rfe3 47. Rf1 Re1 48. Kg1 Bh2+ 49. Kxh2 Rxf1 50. Bd4 Rb1 
51. Bc3 Rc1 52. Bd4 Rc2 53. Kg3 Rd2 54. Bg1 Re1 55. Bh2 Rb1 56. Kf3 Rxb3+ 
57. Ke4 Rxg2 58. Bd6 Rxh3 59. Kd5 Rd3+ 60. Ke4 Rxd6 61. cxd6 Rd2 62. Ke5 Rxd6 
63. Kxd6 h5 64. Ke5 g5 65. Kf5 h4 66. Ke4 Kg7 67. Ke3 Kg6 68. Ke2 g4 69. Ke1 g3 
70. Kf1 h3 71. Kg1 Kf5 72. Kf1 g2+ 73. Kg1 Kf4 74. Kh2 Kg4 75. Kg1 Kf3 
76. Kh2 Kf2 77. Kxh3 g1=Q 78. Kh4 Qg6 79. Kh3 Qg3# 0-1

[Event "Sunday 22 April 2nd Tour 7+2 rounds 9 Starts 2200ST"]
[Site "Infinity Chess"]
[Date "2018.4.23"]
[Round "6"]
[White "Murx"]
[Black "SkyPilot"]
[Result "0-1"]
[ECO "C77"]
[WhiteElo "2574"]
[BlackElo "2480"]
[WhiteEngine "asmFishW_2018-04-07_popcnt"]
[BlackEngine "stockfish_x64_bmi2_2018_04_07_CTG"]
[EventType "Swiss"]
[WhiteTeam ""]
[BlackTeam ""]
[PlyCount "220"]
[TimeControl "420+2"]

1. e4 e5 2. Nf3 Nc6 3. Bb5 a6 4. Ba4 Nf6 5. O-O Be7 6. Re1 b5 7. Bb3 O-O 
8. d3 d6 9. a3 Na5 10. Ba2 c5 11. h3 Nc6 12. c3 h6 13. b4 Re8 14. Nbd2 Bf8 
15. Bb2 Bd7 16. Nf1 Be6 17. Bxe6 Rxe6 18. bxc5 dxc5 19. a4 b4 20. Ne3 a5 
21. Nc4 Nd7 22. Qc2 Nb6 23. Nfd2 Rb8 24. Nxb6 Qxb6 25. Nc4 Qb7 26. Red1 Qa7 
27. Rab1 Be7 28. Qe2 Qd7 29. Kh2 Rd8 30. Qg4 Bf8 31. Qe2 Re7 32. Qe3 Ree8 
33. g3 g6 34. Kg2 Qe6 35. Rd2 Rd7 36. Rf1 Kh7 37. Nb6 Rb7 38. Nc4 Rd8 
39. Rdd1 Rbd7 40. Nb6 Ra7 41. Nc4 h5 42. Qe2 Bh6 43. Rh1 f6 44. Rhe1 Rad7 
45. h4 Rf8 46. Rf1 Rb8 47. Bc1 Bf8 48. Bb2 Bg7 49. Rfe1 Rf7 50. Qe3 Bf8 
51. Qf3 Rd8 52. Qe2 Kg8 53. Rf1 Bh6 54. Bc1 Bg7 55. Be3 f5 56. exf5 gxf5 
57. Bg5 Rdd7 58. cxb4 axb4 59. Qxh5 e4 60. Qe2 Nd4 61. Qe3 Ra7 62. a5 Qd5 
63. Kh3 b3 64. Bf4 Ra6 65. f3 exf3 66. Qe8+ Bf8 67. Nb6 Qb7 68. Bd2 Re7 
69. Qg6+ Rg7 70. Qe8 f4 71. g4 Re7 72. Qh5 Bg7 73. Bxf4 Rxa5 74. Nd5 Re2 
75. Be3 Qd7 76. Qg5 Qd6 77. Bf4 Qf8 78. Bg3 Ra6 79. Nc7 Raa2 80. h5 Kh8 
81. Nd5 Ra6 82. Nc7 Ra7 83. Rb1 b2 84. Qf4 Qxf4 85. Bxf4 f2 86. Kg2 Nc2 
87. Kf3 Re1 88. Rxb2 Bxb2 89. Rxf2 Nd4+ 90. Kg2 Re2 91. Bd6 Ra3 92. Rxe2 Nxe2 
93. d4 Bxd4 94. g5 Rd3 95. g6 c4 96. Na6 c3 97. Nb4 Rd2 98. Kf3 c2 99. Na2 Nc3 
100. Nc1 Rd1 101. Nb3 Rb1 102. Bf4 Rxb3 103. Kg4 Ne2 104. Bh6 Bg7 
105. Bxg7+ Kxg7 106. h6+ Kxg6 107. h7 Rg3+ 108. Kh4 Kxh7 109. Kh5 c1=Q 
110. Kh4 Qh1# 0-1

[Event "Sunday 22 April 2nd Tour 7+2 rounds 9 Starts 2200ST"]
[Site "Infinity Chess"]
[Date "2018.4.23"]
[Round "6"]
[White "MarioDeMonti"]
[Black "TAIPAN54"]
[Result "1/2-1/2"]
[ECO "C55"]
[WhiteElo "2487"]
[BlackElo "2565"]
[WhiteEngine "stockfish_x64_bmi2_2018_02_18_CTG"]
[BlackEngine "Raubfisch ME262_GTZ17b1_CTG"]
[EventType "Swiss"]
[WhiteTeam ""]
[BlackTeam ""]
[PlyCount "128"]
[TimeControl "420+2"]

1. e4 e5 2. Nf3 Nc6 3. Bc4 Nf6 4. d3 Bc5 5. c3 d6 6. O-O O-O 7. Bg5 h6 8. Bh4 a6 
9. Nbd2 Ba7 10. Bb3 g5 11. Bg3 Na5 12. Ba4 Nh5 13. b4 Nxg3 14. hxg3 Nc6 
15. Bxc6 bxc6 16. Nb3 Bd7 17. c4 Qe7 18. Qd2 c5 19. bxc5 dxc5 20. Rfb1 f6 
21. Qc3 Bb6 22. Nbd2 Qe8 23. Nf1 a5 24. a3 a4 25. Ne3 h5 26. Rb2 Ba5 27. Qc2 Rf7 
28. Rab1 Rh7 29. Nd5 Qf8 30. Qc1 Rg7 31. Nh2 Be6 32. Qe3 c6 33. Nb6 Bxb6 
34. Rxb6 Qd6 35. Qf3 Rf8 36. Qd1 Ra7 37. Nf1 Bg4 38. Qd2 Rd8 39. Rb7 Rxb7 
40. Rxb7 Rb8 41. Ra7 Qd8 42. Ne3 Qb6 43. Rxa4 Kf7 44. Qa5 Be2 45. Qd2 Bg4 
46. Kh2 Kg6 47. Qe1 Rd8 48. Qa5 Qxa5 49. Rxa5 Rxd3 50. a4 Ra3 51. Ra8 Ra2 
52. Kg1 Ra1+ 53. Kh2 Ra2 54. a5 Rxf2 55. a6 Ra2 56. a7 Kg7 57. Nxg4 hxg4 
58. Kg1 Ra1+ 59. Kf2 Ra3 60. Ke2 Ra2+ 61. Kd1 Ra3 62. Ke2 Ra2+ 63. Kd1 Ra5 
64. Ke2 Ra2+ 1/2-1/2

[Event "Sunday 22 April 2nd Tour 7+2 rounds 9 Starts 2200ST"]
[Site "Infinity Chess"]
[Date "2018.4.22"]
[Round "5"]
[White "ocirema"]
[Black "incredible"]
[Result "1/2-1/2"]
[ECO "C50"]
[WhiteElo "2485"]
[BlackElo "2460"]
[WhiteEngine "stockfish_18041820_x64_modern_CTG"]
[BlackEngine "stockfish_18041820_x64_bmi2"]
[EventType "Swiss"]
[WhiteTeam ""]
[BlackTeam ""]
[PlyCount "84"]
[TimeControl "420+2"]

1. e4 e5 2. Nf3 Nc6 3. Bc4 Bc5 4. O-O Nf6 5. d3 O-O 6. c3 d6 7. Nbd2 a6 
8. a4 Ba7 9. h3 Qe8 10. b4 Be6 11. Bb3 Bxb3 12. Qxb3 Nd8 13. Qc2 Ne6 14. Nb3 Qe7 
15. Re1 Rfe8 16. Bd2 h6 17. d4 exd4 18. cxd4 d5 19. e5 Ne4 20. Nc5 Nxd2 
21. Qxd2 Bxc5 22. bxc5 Reb8 23. Reb1 b6 24. cxb6 Rxb6 25. a5 Rxb1+ 26. Rxb1 c5 
27. dxc5 Qxc5 28. Rb6 Qc4 29. Kh2 d4 30. Rd6 Qb5 31. g3 Qf1 32. Nxd4 Ng5 
33. Qe2 Qxh3+ 34. Kg1 Rc8 35. Rc6 Rxc6 36. Nxc6 Qd7 37. Qxa6 Qd1+ 38. Qf1 Nf3+ 
39. Kg2 Ne1+ 40. Kg1 Nf3+ 41. Kg2 Ne1+ 42. Kg1 Nf3+ 1/2-1/2